 Dungeon Crawl Stone Soup version 0.23.2 (webtiles) character file.

Game seed: 17434698173303294464

1 Menchi the Thaumaturge (level 1, 0/13 HPs)
             Began as a Gnoll Wanderer on Apr 8, 2019.
             Slain by a jackal (1 damage)
             ... on level 1 of the Dungeon.
             The game lasted 00:00:14 (42 turns).

Menchi the Thaumaturge (Gnoll Wanderer)               Turns: 42, Time: 00:00:14

Health: 0/13       AC:  2    Str: 17    XL:     1   Next: 20%
Magic:  14/14      EV: 11    Int: 13    God:
Gold:   0          SH:  0    Dex: 12    Spells: 24/25 levels left

rFire    . . .     SeeInvis .   (no weapon)
rCold    . . .     Gourm    .   (no shield)
rNeg     . . .     Faith    .   e - +0 robe
rPois    .         Spirit   .   (no helmet)
rElec    .         Reflect  .   (no cloak)
rCorr    .         Harm     .   (no gloves)
MR       .....                  (no boots)
Stlth    +.........             (no amulet)
HPRegen  0.04/turn              (no ring)
MPRegen  0.14/turn              (no ring)

@: no status effects
A: distributed training, fangs 1, strong nose
a: no special abilities


You were on level 1 of the Dungeon.
You were not hungry.

You visited 1 branch of the dungeon, and saw 1 of its levels.

Inventory:

Armour
 e - a +0 robe (worn)
Miscellaneous
 d - a fan of gales
Comestibles
 f - a ration


   Skills:
 + Level 0.0 Fighting
 + Level 0.0 Short Blades
 + Level 0.0 Long Blades
 + Level 0.0 Axes
 + Level 0.0 Maces & Flails
 + Level 0.0 Polearms
 + Level 0.0 Staves
 + Level 0.0 Slings
 + Level 0.0 Bows
 + Level 0.0 Crossbows
 + Level 2.3 Throwing
 + Level 0.0 Armour
 + Level 0.0 Dodging
 + Level 0.0 Stealth
 + Level 0.0 Shields
 + Level 0.0 Unarmed Combat
 + Level 12.9 Spellcasting
 + Level 0.0 Conjurations
 + Level 0.0 Hexes
 + Level 0.0 Charms
 + Level 0.0 Summonings
 + Level 0.0 Necromancy
 + Level 0.0 Translocations
 + Level 0.0 Transmutations
 + Level 0.0 Fire Magic
 + Level 3.6 Ice Magic
 + Level 0.0 Air Magic
 + Level 0.0 Earth Magic
 + Level 0.0 Poison Magic
 + Level 0.0 Invocations
 + Level 2.3 Evocations


You had 24 spell levels left.
You knew the following spells:

 Your Spells              Type           Power        Failure   Level  Hunger
a - Flame Tongue          Conj/Fire      #....        9%          1    None

Your spell library contained the following spells:

 Spells                   Type           Power        Failure   Level  Hunger
 Inner Flame              Hex/Fire       #.......     26%         3    None


Dungeon Overview and Level Annotations

Branches:
Dungeon (1/15)

Altars:


Innate Abilities, Weirdness & Mutations

Your experience applies equally to all skills.
You have very sharp teeth.
Your uncanny sense of smell can sniff out nearby items.


Message History

You are too injured to fight recklessly!
You are too injured to fight recklessly!
You are too injured to fight recklessly!
You are too injured to fight recklessly!
You are too injured to fight recklessly!
You are too injured to fight recklessly!
You are too injured to fight recklessly!
You are too injured to fight recklessly!
You are too injured to fight recklessly!
You barely miss the jackal. The jackal bites you.
* * * LOW HITPOINT WARNING * * *
You hit the jackal.
The jackal is lightly wounded.
The jackal bites you.
* * * LOW HITPOINT WARNING * * *
You closely miss the jackal.
The jackal is lightly wounded.
The jackal bites you but does no damage.
The jackal bites you.
You die...

#..## ∆ [.. ∆
... ∆ ... #r#
#h# #h#
#@#######
#.......##
#......#.###..#
#.######'#
##.##
####.####..#
##..#.#..##.#
#.#.#.#.#.#.##
#..#...#..#..#
####.....####.#


You could see 2 jackals and a rat.

Vanquished Creatures
  A jackal (D:1)
1 creature vanquished.

Notes
Turn   | Place    | Note
-------+----------+-------------------------------------------
     0 | D:1      | Reached skill level 12 in Spellcasting
     0 | D:1      | Menchi the Gnoll Wanderer began the quest for the Orb.
     0 | D:1      | Menchi set off with the following items: a +0 blowgun, 12
                  | poisoned needles, a fan of gales, a +0 robe, a ration; and
                  | the following spell memorised: Flame Tongue; and the
                  | following spells available to memorise: Inner Flame
     0 | D:1      | Reached XP level 1. HP: 13/13 MP: 14/14
    42 | D:1      | Slain by a jackal

Skill      XL: | |
---------------+-+-----
Spellcasting   | | 12.9
Throwing       | |  2.3
Ice Magic      | |  3.6
Evocations     | |  2.3

Action                   || total
-------------------------++-------
Melee: Unarmed           ||    13
       Bite              ||     2
Armor: Robe              ||     4
Dodge: Dodged            ||     6
